Map: 2000 Atmospheres LE

Players

A.I. 1 (Hard)

  • Race: Protoss Protoss

leon - Winner!

  • Race: Terran Terran
  • League: Master

VOD

Have the link to the VOD?

Description

Time

  • Played on: June 5, 2021, 12:38 p.m.
  • Length: 8:45
Show
View Real Time Build Order
Export as new Build Order

A.I. 1 (Hard) Protoss 

Build Orders:  

Get SALT Encoding   

  12  0:00  Probe  
  13  0:13  Probe  
  14  0:19  Pylon  
  14  0:25  Probe  
  15  0:34  Probe  
  15  0:42  Probe  
  16  0:47  Assimilator  
  17  0:50  Gateway  
  17  0:52  Probe  
  18  0:59  Pylon  
  18  1:00  Probe  
  19  1:18  Probe  
  20  1:38  Zealot  
  22  1:41  Cybernetics Core  
  22  1:42  Gateway  
  22  1:45  Assimilator  
  22  2:00  Pylon  
  22  2:07  Warp Gate  
  22  2:17  Adept  
  24  2:29  Zealot  
  26  2:38  Pylon  
  26  2:47  Adept  
  26  2:51  Adept  
  28  3:17  Zealot  
  28  3:19  Adept  
  32  3:30  Probe, Pylon  
  33  3:42  Probe  
  33  3:44  Stalker  
  36  3:51  Forge  
  36  3:54  Probe  
  37  3:57  Adept  
  39  4:06  Probe  
  40  4:16  Stalker  
  42  4:19  Probe  
  43  4:27  Adept  
  43  4:31  Probe  
  46  4:39  Stalker  
  48  4:51  Probe  
  39  5:03  Probe  
  40  5:12  Probe  
  40  5:20  Probe  
  42  5:30  Probe  
  43  5:40  Protoss Ground Weapons Level 1  
  43  5:42  Probe  
  44  5:54  Probe  
  45  6:00  Sentry  
  47  6:04  Gateway  
  47  6:06  Probe, Nexus, Pylon  
  47  6:08  Photon Cannon  
  47  6:10  Sentry  
  50  6:23  Zealot  
  52  6:26  Probe  
  53  6:33  Zealot  
  53  6:38  Pylon  
  55  6:43  Sentry  
  39  6:53  Sentry  
  37  7:03  Stalker  
  39  7:13  Adept  
  41  7:19  Probe  
  41  7:22  Probe  
  43  7:23  Zealot  
  43  7:27  Zealot  
  29  7:31  Probe  
  29  7:36  Probe  
  25  7:37  Zealot  
  24  7:44  Zealot  
  24  8:03  Probe  
  24  8:04  Zealot  
Show
View Real Time Build Order
Export as new Build Order

leon Terran - Winner!

Build Orders: Reaper Expand 

Get SALT Encoding   

  12  0:00  SCV  
  13  0:12  SCV  
  14  0:17  Supply Depot  
  14  0:24  SCV  
  15  0:38  SCV  
  15  0:40  Barracks  
  16  0:43  Refinery  
  16  0:51  SCV  
  17  1:03  SCV  
  18  1:15  SCV  
  19  1:28  Reaper, Orbital Command  
  20  1:41  Command Center  
  20  1:48  Supply Depot  
  20  1:55  SCV  
  20  2:00  Marine  
  22  2:07  SCV  
  23  2:09  Factory  
  23  2:14  Refinery  
  23  2:20  SCV  
  23  2:21  Barracks Reactor  
  24  2:26  Bunker  
  24  2:32  SCV  
  25  2:44  SCV  
  26  2:54  Hellion  
  26  2:56  SCV  
  26  2:58  Starport, Orbital Command  
  29  3:02  Marine x2  
  31  3:08  SCV  
  32  3:15  Widow Mine  
  34  3:20  SCV  
  34  3:25  Marine x2  
  37  3:29  SCV  
  37  3:31  Supply Depot  
  37  3:33  SCV  
  39  3:35  Medivac  
  39  3:39  Widow Mine  
  39  3:41  SCV  
  44  3:45  SCV, Marine  
  46  3:52  Marine  
  46  3:53  SCV  
  48  3:57  SCV  
  48  4:01  Factory Tech Lab  
  49  4:04  Engineering Bay  
  49  4:05  Refinery  
  49  4:06  Starport Tech Lab  
  49  4:08  SCV  
  50  4:10  Barracks  
  50  4:14  Barracks, Marine  
  50  4:15  Marine  
  52  4:23  SCV x2  
  54  4:28  Supply Depot  
  54  4:29  Factory Reactor  
  54  4:31  Supply Depot  
  54  4:33  Terran Infantry Weapons Level 1  
  54  4:35  SCV  
  54  4:37  Raven  
  57  4:39  Marine x2  
  57  4:41  SCV  
  56  4:55  SCV x2  
  56  4:57  Marine  
  59  5:03  Stimpack, Marine  
  59  5:05  Widow Mine  
  59  5:06  Widow Mine  
  64  5:07  SCV, Marine  
  64  5:08  SCV  
  67  5:17  Supply Depot  
  67  5:24  Combat Shield  
  67  5:26  Marauder x2, Starport Reactor, Marine x2  
  74  5:28  SCV x2  
  74  5:33  Supply Depot  
  75  5:35  Supply Depot  
  75  5:38  Widow Mine  
  75  5:39  Widow Mine  
  75  5:40  SCV x2  
  81  5:45  Marine x2  
  81  5:48  Supply Depot  
  81  5:49  Marauder  
  85  5:55  Marauder  
  87  5:59  SCV  
  87  6:00  SCV  
  87  6:02  Medivac x2  
  87  6:03  Marine x2  
  95  6:07  Supply Depot  
  95  6:11  Marauder  
  97  6:16  SCV  
  97  6:18  Widow Mine x2, Marauder  
  104  6:24  Supply Depot  
  104  6:25  Marine  
  104  6:26  Marine  
  104  6:31  SCV  
  107  6:35  Refinery, Terran Infantry Armor Level 1  
  107  6:36  Command Center  
  107  6:37  Supply Depot  
  105  6:46  Marauder x2, Marine x2  
  108  6:50  Widow Mine x2  
  108  6:53  Concussive Shells  
  112  6:54  Supply Depot  
  112  7:01  Supply Depot  
  112  7:03  Barracks  
  112  7:04  Barracks  
  112  7:06  Medivac  
  112  7:08  Marauder  
  116  7:13  Marine  
  116  7:14  Marauder, SCV  
  120  7:17  Widow Mine, Supply Depot  
  120  7:19  Widow Mine  
  120  7:22  SCV  
  123  7:27  Marine  
  123  7:29  Marauder  
  124  7:34  SCV x2  
  126  7:39  Armory  
  126  7:41  Engineering Bay  
  126  7:44  Marauder  
  128  7:48  Medivac  
  128  7:50  Marauder  
  132  7:52  Medivac  
  132  7:53  Barracks Tech Lab  
  132  7:54  Barracks Tech Lab  
  134  7:59  Widow Mine  
  134  8:00  Marine  
  137  8:06  Marauder, Marine  
  142  8:13  Marauder x2  
  146  8:20  SCV x2  
  146  8:21  Marine  
  146  8:22  Marauder  
Tags
 
Add a new tag
Caveats
  • Supply blocks, unpowered buildings, or Contaminate may cause inaccurate times.
  • Supply counts are checked every 10 seconds.